 Dungeon Crawl Stone Soup version 0.17-a0-2127-g1cb09f6 (webtiles) character file.

179 tp1 the Magician (level 5, -1/28 HPs)
             Began as a Deep Elf Conjurer on Oct 23, 2015.
             Slain by an orc
             ... wielding a +0 short sword
              (6 damage)
             ... on level 4 of the Dungeon.
             The game lasted 00:15:05 (2567 turns).

tp1 the Magician (Deep Elf Conjurer)                Turns: 2567, Time: 00:15:05

Health: -1/28      AC:  2    Str:  6    XL:     5   Next: 32%
Magic:  0/15       EV: 13    Int: 20    God:
Gold:   121        SH:  0    Dex: 15    Spells: 4 memorised, 5 levels left

rFire  . . .     SeeInvis .     d - +0 short sword
rCold  . . .     Clarity  +     a - +0 robe
rNeg   . . .     SustAt   .     (no shield)
rPois  .         Gourm    .     (no helmet)
rElec  .         Spirit   .     (no cloak)
rCorr  .         Warding  .     (no gloves)
rMut   .         Stasis   .     (no boots)
MR     .....                    j - amulet of clarity
Stlth  +++.......               (no ring)
                                n - ring of stealth

@: not resistant to hostile enchantments, fairly stealthy
A: no striking features
a: no special abilities


You were on level 4 of the Dungeon.
You were not hungry.

You visited 1 branch of the dungeon, and saw 4 of its levels.

You collected 121 gold pieces.

Inventory:

Hand Weapons
 d - a +0 short sword (weapon)
Armour
 a - a +0 robe (worn)
Jewellery
 j - an amulet of clarity (around neck)
 n - a ring of stealth (left hand)
Scrolls
 e - a scroll of identify
 i - a scroll of recharging {unknown}
 k - 4 scrolls of remove curse
Potions
 g - a potion of agility
 h - a potion of heal wounds {unknown}
 l - a potion of ambrosia {unknown}
 o - a potion of curing {unknown}
Books
 b - a book of Conjurations

   Spells                             Type                      Level
   a - Magic Dart                     Conjuration                  1
   b - Searing Ray                    Conjuration                  2
   c - Dazzling Spray                 Conjuration/Hexes            3
   d - Fulminant Prism                Conjuration/Hexes            4
   e - Iskenderun's Mystic Blast      Conjuration                  4
   f - Iskenderun's Battlesphere      Conjuration/Charms           5
Comestibles
 c - 3 bread rations
 f - a beef jerky
 m - 3 fruits


   Skills:
 - Level 0.1 Armour
 - Level 2.4 Dodging
 - Level 2.4 Stealth
 - Level 6.0 Spellcasting
 + Level 5.7 Conjurations


You had 5 spell levels left.
You knew the following spells:

 Your Spells              Type           Power        Failure   Level  Hunger
a - Magic Dart            Conj           ####         1%          1    None
b - Searing Ray           Conj           ####..       1%          2    None
c - Dazzling Spray        Conj/Hex       ###.....     12%         3    ##.....
d - Iskenderun's Battles  Conj/Chrm      ###.....     89%         5    #####..


Dungeon Overview and Level Annotations

Branches:
Dungeon (4/15)
 Temple: D:4-7

Altars:
Gozag
Makhleb


Message History

Press: ? - help, Shift-Dir - straight line, f/p - orc
Aim: an orc, wielding a short sword and wearing a chain mail (severely wounded)
The magic dart hits the orc.
The orc is severely wounded.
The orc barely misses you. The orc hits you with a flail.
Casting: Magic Dart
Confirm with . or Enter, or press ? or * to list all spells.
Aiming: Magic Dart
Press: ? - help, Shift-Dir - straight line, f/p - orc
Aim: an orc, wielding a short sword and wearing a chain mail (severely wounded)
The magic dart hits the orc.
The orc is severely wounded.
The orc hits you with a short sword. The orc barely misses you.
The orc hits you with a short sword.
You climb downwards.
There is a stone staircase leading up here.
You open the door. The orc hits you with a flail.
* * * LOW HITPOINT WARNING * * *
The orc hits you with a short sword.
You die...

#..(#.#....#
#...#.#....#
#...#.#....###
#####.###+#..#
#....'....#
#....#....##
##..##.....#
#'###..####
#@o#....#
+o.'....#
#.#########
#'####....#
#+##....#....#
#..+....+....#
#.##.##.#....#
#รท##.##'##'###
#..'........#


You could see 2 orcs.

Vanquished Creatures
  A crimson imp (D:3)
  A hound (D:4)
  4 adders
  2 oozes
  2 giant geckos
  3 orcs (D:3)
  6 bats
  A giant cockroach (D:1)
  9 hobgoblins
  12 jackals
  5 kobolds
  A quokka (D:2)
  6 giant newts
  7 goblins
  4 rats
64 creatures vanquished.

Notes
Turn   | Place    | Note
--------------------------------------------------------------
     0 | D:1      | tp1 the Deep Elf Conjurer began the quest for the Orb.
     0 | D:1      | Reached XP level 1. HP: 10/10 MP: 6/6
    30 | D:1      | Reached XP level 2. HP: 7/15 MP: 0/8
   982 | D:2      | Found an opulent altar of Gozag.
   999 | D:2      | Found a burning altar of Makhleb.
  1109 | D:2      | Learned a level 2 spell: Searing Ray
  1250 | D:2      | Reached XP level 3. HP: 19/19 MP: 6/11
  1292 | D:2      | Reached skill level 5 in Spellcasting
  1771 | D:2      | Reached XP level 4. HP: 24/24 MP: 2/13
  1799 | D:2      | Reached skill level 6 in Spellcasting
  2084 | D:2      | Learned a level 3 spell: Dazzling Spray
  2123 | D:3      | Reached skill level 5 in Conjurations
  2251 | D:3      | Reached XP level 5. HP: 28/28 MP: 8/15
  2258 | D:3      | Learned a level 5 spell: Iskenderun's Battlesphere
  2567 | D:4      | Slain by an orc

Vault maps used:
D:1:      moated_graveyard_arrival
D:2:      bloody_makhleb, first_bread, minivault_24, nicolae_gozag_seed_capital
D:3:      kennysheep_cross_room, uniq_crazy_yiuf_cottage
D:4:      nicolae_overflow_crystal_walls

Action                   |  1- 3 |  4- 6 || total
-------------------------+-------+-------++-------
Melee: Short sword       |    20 |    20 ||    40
 Cast: Magic Dart        |    77 |    54 ||   131
       Searing Ray       |     5 |       ||     5
       Dazzling Spray    |       |     4 ||     4
  Use: Scroll            |     6 |     1 ||     7
  Eat: Chunk             |     2 |     3 ||     5
